 Dungeon Crawl Stone Soup version 0.31.0-11-ge490571c62 (webtiles) character file.

Game seed: 16934100263457002794

3841 CraigForest the Geomancer (level 10, -2/50 HPs)
             Began as a Gargoyle Earth Elementalist on Feb 9, 2024.
             Was a Follower of Hepliaklqana.
             Slain by an orc knight
             ... wielding a +3 halberd
              (6 damage)
             ... in a bailey on Feb 10, 2024.
             The game lasted 00:48:10 (8877 turns).

CraigForest the Geomancer (GrEE)                    Turns: 8877, Time: 00:48:10

Health: -2/50      AC: 14    Str: 11    XL:     10   Next: 18%
Magic:  3/20       EV: 12    Int: 21    God:    Hepliaklqana [*.....]
Gold:   349        SH:  0    Dex: 10    Spells: 18/22 levels left

rFire   . . .        X - +5 trident
rCold   . . .        (no shield)
rNeg    + . .        a - +0 robe
rPois   ∞            (no helmet)
rElec   +            (no cloak)
rCorr   +            (no gloves)
SInv    .            z - +0 pair of boots
Will    .....        (no amulet)
Stlth   ++           j - +4 ring of protection
HPRegen 0.28/turn    U - ring of resist corrosion
MPRegen 0.17/turn

%: no passive effects
@: very slightly contaminated
A: reduced essence, sickness immunity, AC +7, negative energy resistance 1,
electricity resistance, torment resistance 1, petrification resistance
a: Renounce Religion, Recall Ancestor, Ancestor Identity


You were in a bailey.
You worshipped Hepliaklqana.
Hepliaklqana was aware of your devotion.
You visited 2 branches of the dungeon, and saw 10 of its levels.
You also visited: Sewer and Bailey.

You collected 349 gold pieces.

Inventory:

Hand Weapons
 d - a +0 spear
 i - a +0 long sword
 q - a +0 heavy hand axe
 r - a +1 dagger of venom
 x - a +2 vampiric dagger
 y - a +2 sling of freezing
 I - a +4 flail
 J - a +5 mace
 X - a +5 trident (weapon)
Missiles
 h - 3 throwing nets
Armour
 a - a +0 robe (worn)
 z - a +0 pair of boots (worn)
 B - a +1 plate armour of positive energy
 M - +0 fire dragon scales
 O - +0 swamp dragon scales
Magical Staves
 V - a staff of cold
Jewellery
 g - a ring of protection from cold
 j - a +4 ring of protection (left hand)
 U - a ring of resist corrosion (right hand)
Talismans
 k - a blade talisman
 W - a serpent talisman
Wands
 P - a wand of flame (20)
 S - a wand of iceblast (10)
Scrolls
 f - 2 scrolls of revelation
 l - 4 scrolls of fog
 p - a scroll of torment {unknown}
 s - 5 scrolls of teleportation
 u - 2 scrolls of noise
 v - a scroll of fear
 A - a scroll of enchant weapon {unknown}
 C - a scroll of poison {unknown}
 E - a scroll of blinking {unknown}
 G - 2 scrolls of summoning
 L - 4 scrolls of identify
 N - a scroll of amnesia {unknown}
Potions
 b - 3 potions of magic
 c - 4 potions of heal wounds
 e - 2 potions of degeneration
 m - 5 potions of ambrosia
 n - 5 potions of curing
 o - 2 potions of brilliance
 t - 2 potions of cancellation
 w - 2 potions of attraction
 D - 2 potions of enlightenment
 F - a potion of haste {unknown}
 H - a potion of resistance {unknown}
 K - a potion of invisibility {unknown}
 Q - 2 potions of berserk rage {unknown}
 R - 2 potions of mutation {unknown}
Miscellaneous
 T - a tin of tremorstones (2/2)


   Skills:
 + Level 3.3 Fighting
 + Level 3.8 Maces & Flails
 + Level 1.2 Polearms
 + Level 4.8 Ranged Weapons
 + Level 3.7 Dodging
 + Level 4.3 Stealth
 + Level 6.9 Spellcasting
 + Level 5.5 Conjurations
 + Level 8.8 Earth Magic


You had 18 spell levels left.
You knew the following spells:

 Your Spells              Type           Power      Damage    Failure   Level
a - Sandblast             Erth           88%        2d18      1%          1
b - Stone Arrow           Conj/Erth      74%        3d11      1%          3

Your spell library contained the following spells:

 Spells                   Type           Power      Damage    Failure   Level
 Passwall                 Erth           44%        N/A       1%          3
 Brom's Barrelling Bould  Conj/Erth      37%        2d6       4%          4
 Necrotise                Necr           28%        1d5       9%          1
 Petrify                  Alch/Erth      25%        N/A       14%         4
 Ozocubu's Armour         Ice            7%         N/A       26%         3
 Vampiric Draining        Necr           7%         2d6       26%         3
 Martyr's Knell           Necr/Summ      7%         N/A       65%         4
 Curse of Agony           Necr           7%         N/A       94%         5
 Metabolic Englaciation   Hex/Ice        3%         N/A       94%         5
 Sculpt Simulacrum        Ice/Alch       3%         N/A       100%        6


Dungeon Overview and Level Annotations

Branches:
Dungeon (9/15)             Temple (1/1) D:6           Sewer (visited)
 Bailey (1/1)
   Lair: D:8-11         Orc: D:9-12

Altars:
Ashenzari
Cheibriados
Dithmenos
Elyvilon
Fedhas
Gozag
Hepliaklqana
Kikubaaqudgha
Makhleb
Nemelex Xobeh
Okawaru
Qazlal
Ru
Sif Muna
Trog
Uskayaw
Vehumet
Wu Jian
Xom
Yredelemnul
Zin
The Shining One


Innate Abilities, Weirdness & Mutations

Your life essence is reduced to manifest your ancestor. (-10% HP)
You are immune to sickness and miasma.
Your stone body is resilient. (AC +7)
You are immune to poison.
You resist negative energy. (rN+)
You are resistant to electric shocks. (rElec)
You are resistant to unholy torment.
You are immune to petrification.


Message History

a +0 trident; a +0 scale mail; an orc skeleton
Aiming: Stone Arrow (safe; 1% risk of failure)
Press: ? - help, Q - select action, (/) - cycle Shift-Dir - straight line, f - you, p - orc knight
Okay, then.
The orc knight roars a battlecry!
You hear a shout!
Things that are here:
a +0 trident; a +0 scale mail; an orc skeleton
Things that are here:
a +0 halberd; a +0 ring mail You start resting.
An orc knight is nearby!
Nomusa emerges from the mists of memory!
Aiming: Stone Arrow (safe; 1% risk of failure)
Press: ? - help, Q - select action, (/) - cycle Shift-Dir - straight line, f/p - orc knight
Aim: an orc knight, wielding a +3 halberd and wearing a +0 chain mail (lightly wounded, ally target, 71% to hit)
You miscast Stone Arrow.
You are very lightly contaminated with residual magic.
Nothing appears to happen.
Aiming: Stone Arrow (safe; 1% risk of failure)
Press: ? - help, Q - select action, (/) - cycle Shift-Dir - straight line, f/p - orc knight
Aim: an orc knight, wielding a +3 halberd and wearing a +0 chain mail (lightly wounded, ally target, 71% to hit)
The stone arrow misses the orc knight.
Nomusa barely misses the orc knight.
You don't have enough magic to cast this spell.
The orc knight hits you from afar with a +3 halberd!
Nomusa closely misses the orc knight.
Reach: X) +5 trident
Press: ? - help, Dir - move target, f/p - orc knight
Aim: an orc knight, wielding a +3 halberd and wearing a +0 chain mail (lightly wounded, ally target, about 42% to evade your +5 trident)
You reach to attack!
You barely miss the orc knight.
The orc knight is lightly wounded.
The orc knight splashes around in the water.
Nomusa hits the orc knight!
The orc knight hits you from afar with a +3 halberd!
* * * LOW HITPOINT WARNING * * *
Nomusa closely misses the orc knight.
The orc knight attacks as it pursues you!
The orc knight hits you from afar with a +3 halberd.
You die...

########### #### ##.........##
##∩∩# ##..~~~~~~~..## #..##
##..~~....@~~..## ##..#
#######..~~..###..o~..######..##
........~~..## ##.R~~...)......#
~~~~~~~~~..## ##..~~~~~~)~~~.#
..........## ##...)......).#
.########## ##########.~.#
.##.... .$$$.##)).# ..##...#
#.$.##..~.# ~..##.#+ ≈≈.....
##.##..~~.#


You could see the friendly Nomusa the ancestor and an orc knight (ally target).

Vanquished Creatures
  Maggie (D:7)
  A yak (D:8)
  A wraith (D:7)
  2 water moccasins (D:6)
  An ice beast (D:4)
  4 orc warriors
  2 sky beasts
  2 black bears
  A phantom (D:7)
  2 bullfrogs
  2 brain worms (Sewer)
  4 scorpions
  5 wights
  A howler monkey (D:8)
  A bombardier beetle (D:4)
  4 jellies
  4 orc priests
  A hound (D:5)
  2 gnoll boudas
  2 sleepcaps
  6 iguanas
  5 orc wizards
  12 gnolls
  11 adders
  A river rat (Sewer)
  A shadow imp (D:8)
  A white imp (D:8)
  3 ribbon worms
  28 orcs
  11 bats
  6 endoplasms
  5 giant cockroaches
  7 hobgoblins
  3 jackals (D:1)
  5 quokkas
  10 ball pythons
  6 frilled lizards
  7 goblins
  5 kobolds
  6 rats
182 creatures vanquished.

Vanquished Creatures (collateral kills)
  A steam dragon (D:8)
  A kobold brigand (D:8)
  A bullfrog (D:8)
  2 orc wizards (D:8)
  12 orcs
17 creatures vanquished.

Vanquished Creatures (others)
  3 ancestors
3 creatures vanquished.

Grand Total: 202 creatures vanquished

Notes
Turn   | Place    | Note
-------+----------+-------------------------------------------
     0 | D:1      | CraigForest the Gargoyle Earth Elementalist began the quest
                  | for the Orb.
     0 | D:1      | Reached XP level 1. HP: 10/10 MP: 3/3
   152 | D:1      | Reached XP level 2. HP: 15/15 MP: 5/5
   200 | D:1      | Reached skill level 4 in Earth Magic
   702 | D:1      | Reached XP level 3. HP: 19/19 MP: 4/6
   706 | D:1      | Learned a level 3 spell: Stone Arrow
  1605 | D:3      | Reached XP level 4. HP: 24/24 MP: 6/8
  1873 | D:3      | Reached skill level 1 in Fighting
  1926 | D:3      | Reached skill level 5 in Earth Magic
  1927 | D:3      | Reached XP level 5. HP: 12/29 MP: 1/9
  2471 | D:4      | Reached XP level 6. HP: 34/34 MP: 3/11
  2654 | D:4      | Noticed an ice beast
  2677 | D:4      | Killed an ice beast
  2678 | D:4      | Reached skill level 6 in Earth Magic
  3283 | D:4      | Found a sacrificial altar of Ru.
  3340 | D:4      | Reached XP level 7. HP: 38/38 MP: 3/14
  3922 | D:5      | Entered Level 5 of the Dungeon
  4153 | D:5      | Reached skill level 1 in Polearms
  4153 | D:5      | Reached skill level 5 in Spellcasting
  4601 | D:5      | Reached XP level 8. HP: 36/43 MP: 2/15
  4767 | D:6      | Reached skill level 7 in Earth Magic
  4802 | D:6      | Reached skill level 1 in Ranged Weapons
  4961 | D:6      | Found a glowing silver altar of Zin.
  5053 | D:6      | Found a glowing drain.
  5070 | Sewer    | Entered a sewer
  5483 | Sewer    | Reached XP level 9. HP: 41/49 MP: 15/18
  5725 | D:6      | Found a staircase to the Ecumenical Temple.
  5734 | Temple   | Entered the Ecumenical Temple
  5749 | Temple   | Became a worshipper of Hepliaklqana the Forgotten
  5806 | D:6      | Found a sparkling altar of Nemelex Xobeh.
  6071 | D:6      | Found a snail-covered altar of Cheibriados.
  6704 | D:7      | Reached skill level 1 in Maces & Flails
  6741 | D:7      | Noticed Maggie
  6746 | D:7      | Killed Maggie
  6747 | D:7      | Reached skill level 8 in Earth Magic
  6908 | D:7      | Found a stormy altar of Qazlal.
  6908 | D:7      | Found a glowing golden altar of the Shining One.
  7136 | D:8      | Reached * piety under Hepliaklqana
  7685 | D:8      | Found a radiant altar of Vehumet.
  7962 | D:8      | Found a runed translucent door.
  7990 | D:8      | Found a runed translucent door.
  7991 | D:8      | Found a runed translucent door.
  7991 | D:8      | Found a runed translucent door.
  8007 | D:8      | Reached skill level 5 in Conjurations
  8103 | D:8      | Reached XP level 10. HP: 23/50 MP: 3/20
  8500 | D:9      | Found a flagged portal.
  8539 | Bailey   | Entered a bailey
  8774 | Bailey   | Noticed an orc knight
  8775 | Bailey   | Noticed an orc knight
  8819 | Bailey   | Noticed an orc knight
  8877 | Bailey   | Slain by an orc knight

Illustrated notes

Levels and vault maps discovered:
D:1:      lightli_arrival_statuegarden, layout_loops_ring
D:2:      layout_loops_ring, chequers_decorated_corner
D:3:      layout_loops_cross
D:4:      layout_loops_corners, nicolae_ru_awakened_eye
D:5:      layout_loops_cross
D:6:      layout_rooms, chei_slow_surprise, mainiacjoe_overflow_tiny_flanked,
          mainiacjoe_overflow_brackets, minmay_temple_entry_junction,
          cheibrodos_sewer_entry_bend, grunt_ministairs_4
D:7:      layout_basic, gammafunk_temple_overflow_elements, uniq_maggie
D:8:      layout_loops_corners, lemuel_coloured_pillars_altar,
          lightli_church_of_beogh
D:9:      cheibrodos_fzero, layout_cave_pools, ebering_ghost_funeral_grove,
          enter_bailey_4
Temple:   nicolae_temple_bog_church
Bailey:   bailey_polearm_1, bailey

Skill      XL: |  1  2  3  4  5  6  7  8  9 |
---------------+----------------------------+-----
Earth Magic    | 4 5 6 7 8 |  8.8
Dodging        | 2 3 |  3.7
Fighting       | 1 2 3 |  3.3
Spellcasting   | 3 4 5 6 |  6.9
Conjurations   | 2 4 5 |  5.5
Polearms       | 1 |  1.2
Stealth        | 3 4 |  4.3
Ranged Weapons | 3 4 |  4.8
Maces & Flails | 3 |  3.8

Action                     |  1- 3 |  4- 6 |  7- 9 | 10-12 || total
---------------------------+-------+-------+-------+-------++-------
  Melee: Spear             |    35 |    58 |     2 |       ||    95
         Punch             |     1 |       |     1 |       ||     2
         Mace              |       |       |    61 |    32 ||    93
         Trident           |       |       |       |     1 ||     1
   Fire: Sling             |       |       |    54 |       ||    54
   Cast: Sandblast         |    48 |    43 |       |       ||    91
         Stone Arrow       |       |    19 |   102 |    19 ||   140
    Use: Scroll            |       |     7 |     8 |     1 ||    16
   Stab: Distracted        |       |       |     1 |       ||     1
 Armour: Robe              |    37 |    58 |   110 |    37 ||   242
  Dodge: Dodged            |    36 |    49 |    87 |    48 ||   220
